Map: Turbo Cruise '84 LE

Players

BillyRamone

  • Race: Terran Terran
  • League: Platinum
  • Spawn Location: 7:00

A.I. 1 (Very Easy) - Winner!

  • Race: Zerg Zerg
  • Spawn Location: 3:00

VOD

Have the link to the VOD?

Description

Time

  • Played on: July 19, 2019, 10:55 a.m.
  • Length: 5:36
Show
View Real Time Build Order
Export as new Build Order

BillyRamone Terran 

Build Orders:  

Get SALT Encoding   

  12  0:00  SCV  
  13  0:12  SCV  
  14  0:18  Supply Depot  
  14  0:25  SCV  
  15  0:28  Refinery  
  15  0:39  SCV  
  16  0:45  Barracks  
  16  0:51  SCV  
  16  0:56  Refinery  
  17  1:03  SCV  
  18  1:15  SCV  
  19  1:32  Orbital Command, Barracks Reactor  
  19  1:36  Factory  
  19  1:45  Supply Depot  
  19  1:57  SCV  
  20  2:10  SCV  
  20  2:11  Supply Depot  
  20  2:14  Marine  
  22  2:22  SCV  
  23  2:28  Hellion  
  23  2:29  Hellion  
  27  2:34  SCV  
  28  2:44  Command Center  
  28  2:52  Hellion  
  28  2:53  Hellion  
  28  2:55  SCV  
  33  3:08  SCV  
  33  3:09  Supply Depot  
  34  3:23  Factory Tech Lab  
  34  3:25  Starport  
  34  3:26  SCV  
  35  3:33  Supply Depot  
  35  3:40  SCV  
  36  3:44  Siege Tank  
  39  3:52  SCV  
  40  3:56  Supply Depot  
  40  4:05  Starport Tech Lab  
  40  4:06  Fusion Core  
  40  4:07  SCV  
  40  4:08  Orbital Command  
  41  4:16  Siege Tank  
  44  4:20  SCV  
  44  4:21  Supply Depot  
  45  4:32  SCV  
  45  4:34  SCV  
  47  4:46  SCV x2  
  47  4:52  Refinery  
  49  4:58  SCV x2  
  57  5:11  Command Center  
  57  5:13  SCV  
  58  5:15  SCV  
  65  5:28  Factory  
Show
View Real Time Build Order
Export as new Build Order

A.I. 1 (Very Easy) Zerg - Winner!

Build Orders: Hatch First 

Get SALT Encoding   

  12  0:00  Drone  
  13  0:12  Overlord  
  13  0:17  Drone  
  14  0:41  Hatchery  
  13  0:45  Drone  
  14  1:04  Spawning Pool  
  13  1:07  Drone, Extractor  
  13  1:14  Drone  
  14  1:21  Overlord  
  14  1:51  Zergling x2, Queen  
  14  1:53  Zergling x2  
  18  2:00  Roach Warren  
  17  2:05  Drone  
  18  2:09  Extractor  
  18  2:12  Drone  
  18  2:17  Zergling x2  
  18  2:22  Drone  
  20  2:29  Drone  
  21  2:36  Drone  
  22  2:43  Drone  
  23  2:51  Drone  
  24  2:56  Lair  
  24  2:58  Drone  
  25  3:26  Drone  
  26  3:33  Drone  
  27  3:40  Drone  
  27  3:41  Overlord  
  28  3:47  Drone  
  29  3:54  Spire, Drone  
  29  4:02  Drone  
  30  4:05  Overseer  
  30  4:08  Overseer  
  30  4:09  Drone  
  31  4:16  Drone  
  32  4:23  Drone  
  33  4:24  Overlord  
  33  4:30  Drone  
  34  4:38  Drone  
  35  4:45  Drone, Extractor  
  36  4:52  Drone  
  36  4:56  Extractor  
  36  4:59  Drone  
  36  5:06  Mutalisk, Drone  
  39  5:14  Drone  
  40  5:21  Drone  
Tags
 
Add a new tag
Caveats
  • Supply blocks, unpowered buildings, or Contaminate may cause inaccurate times.
  • Supply counts are checked every 10 seconds.